 Dungeon Crawl Stone Soup version 0.24.0-125-gc4c63601f3 (webtiles) character file.

Game seed: 8368295763028437582, levelgen mode: deterministic

66 IcyS the Sneak (level 4, 0/21 HPs)
             Began as a Vine Stalker Enchanter on Mar 18, 2020.
             Was an Initiate of Wu Jian.
             Slain by a quokka (1 damage)
             ... on level 2 of the Dungeon.
             The game lasted 00:09:00 (1679 turns).

IcyS the Sneak (Vine Stalker Enchanter)             Turns: 1679, Time: 00:09:00

Health: 0/21       AC:  4    Str: 11    XL:     4   Next: 15%
Magic:  0/9        EV: 11    Int: 21    God:    Wu Jian [......]
Gold:   55         SH:  0    Dex: 14    Spells: 5/8 levels left

rFire    . . .     SeeInvis .   a - +1 dagger
rCold    . . .     Gourm    .   (no shield)
rNeg     . . .     Faith    .   c - +0 leather armour
rPois    .         Spirit   +   r - +0 helmet
rElec    .         Reflect  .   (no cloak)
rCorr    .         Harm     .   (no gloves)
MR       .....                  (no boots)
Stlth    +++.......             (no amulet)
HPRegen  0.47/turn              (no ring)
MPRegen  0.11/turn              (no ring)

@: brilliant, lethally poisoned (0 -> -1)
A: fangs 2, regeneration 1, magic shield, antimagic bite, no potion heal 3, rot
immunity
a: Renounce Religion


You were on level 2 of the Dungeon.
You worshipped Wu Jian.
Wu Jian was noncommittal.
You were not hungry.

You visited 1 branch of the dungeon, and saw 2 of its levels.

You collected 55 gold pieces.

Inventory:

Hand Weapons
 a - a +1 dagger (weapon)
 h - a +0 hunting sling
 i - a +0 spear
Missiles
 b - 60 stones (quivered)
Armour
 c - a +0 leather armour (worn)
 r - a +0 helmet (worn)
Magical Staves
 q - an uncursed staff of death {unknown}
Scrolls
 k - a scroll of enchant armour {unknown}
 l - a scroll of amnesia {unknown}
 n - a scroll of fear {unknown}
Potions
 e - a potion of cancellation {unknown}
 f - a potion of flight {unknown}
 j - a potion of might {unknown}
 m - a potion of curing {unknown}
 o - 2 potions of brilliance
 p - a potion of agility {unknown}
 s - a potion of degeneration {unknown}
Comestibles
 d - 2 rations
 g - 12 chunks of flesh


   Skills:
 - Level 1.0 Short Blades
 - Level 1.5 Dodging
 - Level 5.0 Stealth
 + Level 2.7 Spellcasting
 + Level 3.3 Hexes
 + Level 1.2 Ice Magic


You had 5 spell levels left.
You knew the following spells:

 Your Spells              Type           Power        Failure   Level  Hunger
a - Corona                Hex            ####...      1%          1    None
b - Ensorcelled Hibernat  Hex/Ice        ####..       1%          2    ##.....

Your spell library contained the following spells:

 Spells                   Type           Power        Failure   Level  Hunger
 Confuse                  Hex            ####....     1%          3    ###....
 Tukima's Dance           Hex            ####....     1%          3    ###....
 Dazzling Spray           Conj/Hex       ###...       3%          3    ###....


Dungeon Overview and Level Annotations

Branches:
Dungeon (2/15)

Altars:
Wu Jian


Innate Abilities, Weirdness & Mutations

You have extremely sharp teeth.
Your natural rate of healing is unusually fast.
When hurt, damage is shared between your health and your magic reserves.
Your bite disrupts and absorbs the magic of your enemies.
Potions cannot restore your health.
You are immune to rotting.


Message History

The adder is lightly wounded.
You feel sick.
The quokka bites you but does no damage.
The adder closely misses you.
You closely miss the adder. You bite the adder. You drain its power.
You feel invigorated.
The adder is moderately wounded.
The quokka completely misses you. The adder misses you. The quokka bites you.
* * * LOW HITPOINT WARNING * * *
You barely miss the adder. You bite the adder, but do no damage.
The adder is moderately wounded.
You feel sick. The adder bites you but does no damage. The quokka bites you.
* * * LOW HITPOINT WARNING * * *
The adder bites you.
* * * LOW HITPOINT WARNING * * *
It was a potion of brilliance.
You feel clever all of a sudden.
* * * LOW HITPOINT WARNING * * *
You feel sick. The quokka bites you.
You die...

#.###......#######
#.###..###.#
#.)......#.#
######...#.#
#####..#)####
#...........#
#......(....#
#...........#
#...@.......#
#..Sr......##
#..).........#
#........#>..#
#........#(###
#...#.##.#+#
#..... ... #.....
g...


You could see an adder and a quokka.

Vanquished Creatures
  Robin (D:1)
  An adder (D:2)
  An ooze (D:1)
  A worm (D:2)
  A dart slug (D:1)
  A leopard gecko (D:2)
  3 bats
  A giant cockroach (D:1)
  9 goblins
  3 hobgoblins (D:1)
  3 jackals (D:1)
  4 frilled lizards (D:2)
  3 kobolds
  4 rats
36 creatures vanquished.

Notes
Turn   | Place    | Note
-------+----------+-------------------------------------------
     0 | D:1      | IcyS the Vine Stalker Enchanter began the quest for the
                  | Orb.
     0 | D:1      | Reached XP level 1. HP: 9/9 MP: 4/4
    61 | D:1      | Reached skill level 1 in Short Blades
   286 | D:1      | Reached skill level 4 in Stealth
   499 | D:1      | Reached XP level 2. HP: 13/13 MP: 6/6
   503 | D:1      | Learned a level 2 spell: Ensorcelled Hibernation
  1136 | D:2      | Reached skill level 5 in Stealth
  1249 | D:2      | Reached XP level 3. HP: 16/16 MP: 7/7
  1342 | D:2      | Found an ornate altar of the Wu Jian Council.
  1413 | D:2      | Became a worshipper of the Wu Jian Council
  1505 | D:2      | Noticed Robin
  1522 | D:1      | Killed Robin
  1522 | D:1      | Reached skill level 1 in Ice Magic
  1573 | D:1      | Gained mutation: Your natural rate of healing is unusually
                  | fast. [Vine Stalker growth]
  1573 | D:1      | Reached XP level 4. HP: 17/21 MP: 6/8
  1679 | D:2      | HP: 1/21 [poisoned by an adder]
  1679 | D:2      | Slain by a quokka

Levels and vault maps discovered:
D:1:      dpeg_chamrin_arrival_tetris, layout_basic
D:2:      layout_basic, nicolae_overflow_crystal_walls, uniq_robin

Skill      XL: |  1  2  3 |
---------------+----------+-----
Short Blades   | 1 |  1.0
Stealth        | 4 5 |  5.0
Ice Magic      | 1 |  1.2
Dodging        | |  1.5
Spellcasting   | |  2.7
Hexes          | |  3.3

Action                   |  1- 3 |  4- 6 || total
-------------------------+-------+-------++-------
Melee: Dagger            |    67 |    34 ||   101
       Bite              |    15 |     4 ||    19
Throw: Stone             |    13 |     4 ||    17
 Cast: Corona            |     1 |       ||     1
       Ensorcelled Hiber |     4 |     1 ||     5
Invok: Lunge             |     1 |     1 ||     2
  Use: Potion            |       |     1 ||     1
 Stab: Sleeping          |     7 |       ||     7
  Eat: Chunk             |     2 |     1 ||     3
Armor: Leather armour    |    15 |     7 ||    22
Dodge: Dodged            |    36 |    23 ||    59
